Match 42044822
Unlisted

Match 42044822
End
Construct Infanterie Kompanie
Selects Breakthrough Battlegroup
Selects Assault Grenadiers
MG 42 Machine Gun Team
Grenadier Squad
GrW 34 Mortar Team
Construct Panzergrenadier Kompanie
Panzergrenadier Officer Quarters
Selects 2.5-tonne Cargo Truck
Panzergrenadier Squad
Panzergrenadier Squad
251 Medium Carrier
Medical Station
GrW 34 Mortar Team
Selects Smoke Bombing Run
Smoke Bombing Run
Panzergrenadier Squad
Pak 40 Anti-tank Gun Team
Smoke Bombing Run
Errorien
Hacsan
vitas3d
The Ping
Bruistablet
samurai.g
0
0

Comments sign in to comment!

No comments posted yet!